 Dungeon Crawl Stone Soup version 0.22-a0-587-g7d32d7c (webtiles) character file.

143 Hebeh the Skirmisher (level 5, 0/47 HPs)
             Began as a Minotaur Fighter on July 4, 2018.
             Slain by an orc priest
             ... wielding a +0 flail
              (5 damage)
             ... on level 3 of the Dungeon.
             The game lasted 00:06:24 (2007 turns).

Hebeh the Skirmisher (Minotaur Fighter)             Turns: 2007, Time: 00:06:26

Health: 0/47       AC:  7    Str: 22    XL:     5   Next: 4%
Magic:  4/4        EV:  7    Int:  5    God:
Gold:   118        SH: 10    Dex:  9    Spells: 4/4 levels left

rFire    . . .     SeeInvis .   g - +0 long sword (curse)
rCold    . . .     Gourm    .   c - +1 shield
rNeg     . . .     Faith    .   o - +0 scale mail
rPois    .         Spirit   .   (helmet restricted)
rElec    .         Reflect  .   (no cloak)
rCorr    .         Harm     .   (no gloves)
MR       .....                  (no boots)
Stlth    ..........             (no amulet)
HPRegen  0.15/turn              j - ring of flight
MPRegen  0.09/turn              (no ring)

@: no status effects
A: retaliatory headbutt, horns 2
a: Evoke Flight


You were on level 3 of the Dungeon.
You were not hungry.

You visited 1 branch of the dungeon, and saw 3 of its levels.

You collected 118 gold pieces.

Inventory:

Hand Weapons
 a - a +0 war axe
 b - a +0 hunting sling
 g - a cursed +0 long sword (weapon)
Missiles
 p - 81 stones (quivered)
 r - 31 sling bullets
Armour
 c - a +1 shield (worn)
 o - a +0 scale mail (worn)
Jewellery
 e - a cursed ring of teleportation {unknown}
 j - a ring of flight (left hand)
Wands
 t - a wand of iceblast (3)
Scrolls
 i - 2 scrolls of identify
 l - 3 scrolls of random uselessness
 s - 2 scrolls of enchant armour
 v - a scroll of teleportation
 w - a scroll of enchant weapon {unknown}
 x - a scroll of magic mapping {unknown}
Potions
 d - a potion of might
 h - a potion of berserk rage {unknown}
 k - a potion of lignification {unknown}
 n - a potion of curing {unknown}
 q - a potion of brilliance
 u - a potion of ambrosia {unknown}
Comestibles
 f - 9 rations
 m - 19 chunks of flesh


   Skills:
 + Level 4.3 Fighting
 * Level 4.2 Axes
 + Level 1.1 Slings
 + Level 4.2 Armour
 + Level 4.2 Shields
 + Level 1.0 Evocations


You had 4 spell levels left.
You didn't know any spells.
Your spell library was empty.

Dungeon Overview and Level Annotations

Branches:
Dungeon (3/15)

Altars:
Ashenzari


Innate Abilities, Weirdness & Mutations

You reflexively headbutt those who attack you in melee.
You have a pair of horns on your head.


Message History

You are too injured to fight recklessly!
Unknown command.
You are too injured to fight recklessly!
You are too injured to fight recklessly!
You hit the orc priest but do no damage.
The orc hits you with a flail. You block the orc's attack.
The orc priest hits you but does no damage.
The orc barely misses you.
An orc comes into view. It is wielding a club.
You barely miss the orc priest. The orc priest hits you with a flail.
* * * LOW HITPOINT WARNING * * *
You block the orc's attack. The orc hits you with a mace.
* * * LOW HITPOINT WARNING * * *
You closely miss the orc priest. You headbutt the orc priest.
The orc priest is moderately wounded.
You block the orc priest's attack. You block the orc's attack.
The orc hits you with a flail!
* * * LOW HITPOINT WARNING * * *
The orc hits you but does no damage. The orc priest hits you with a flail.
You die...

#.# #)###
######)#.. ###
..........# #..
###.#####...## #
#.# ... #.....#
#.#.#..# ##...##
#.#o#..# ##.###
#.o@o..# ###....
###o#### #....##
#.# #.#..# #.#
#....#
#.##########.####
#.............⌠.#
###...#......#....
#........##.##...
##...#.#.#...#...


You could see an orc priest and 3 orcs.

Vanquished Creatures
  4 gnolls (D:3)
  2 adders (D:3)
  An ooze (D:3)
  A dart slug (D:2)
  2 leopard geckos (D:1)
  13 orcs (D:3)
  2 giant cockroaches
  5 goblins
  7 hobgoblins
  2 jackals (D:1)
  A ball python (D:1)
  7 bats
  9 frilled lizards
  7 kobolds
  5 rats
68 creatures vanquished.

Notes
Turn   | Place    | Note
-------+----------+-------------------------------------------
     0 | D:1      | Hebeh the Minotaur Fighter began the quest for the Orb.
     0 | D:1      | Reached XP level 1. HP: 19/19 MP: 0/0
    79 | D:1      | Reached XP level 2. HP: 27/27 MP: 1/1
   790 | D:2      | Reached XP level 3. HP: 33/33 MP: 2/2
  1423 | D:3      | Reached XP level 4. HP: 23/40 MP: 3/3
  1946 | D:3      | Reached skill level 1 in Slings
  1956 | D:3      | Reached XP level 5. HP: 43/47 MP: 4/4
  1959 | D:3      | Reached skill level 1 in Evocations
  1984 | D:3      | Found a shattered altar of Ashenzari.
  2007 | D:3      | Slain by an orc priest

Vault maps used:
D:1:      lightli_arrival_maybe_door_vault
D:3:      evilmike_ruin_ashenzari, minmay_misc_feat_room, minmay_misc_feat_alley

Skill      XL: |  1  2  3  4  5 |
---------------+----------------+-----
Axes           | 3 4 |  4.2
Fighting       | 4 |  4.3
Armour         | 4 |  4.2
Shields        | 4 |  4.2
Slings         | 1 |  1.1
Evocations     | 1 |  1.0

Action                   |  1- 3 |  4- 6 || total
-------------------------+-------+-------++-------
Melee: War axe           |    67 |       ||    67
       Headbutt          |    15 |    10 ||    25
       Long sword        |    19 |    77 ||    96
 Fire: Hunting sling     |    21 |       ||    21
  Use: Scroll            |     6 |       ||     6
  Eat: Chunk             |     2 |     2 ||     4
Armor: Scale mail        |    32 |    34 ||    66
Dodge: Dodged            |    32 |    13 ||    45
Block: Shield            |    57 |    50 ||   107
       Rpst.: Long sword |     3 |     3 ||     6

Table legend:
 A = Spawn XP
 B = Non-spawn XP
 C = Spawn XP percentage of total XP
 D = Spawn monster count
 E = Non-spawn monster count
 F = Spawn count percentage of total count
 G = Total turns spent on level
                    A         B        C        D         E        F      G
               +---------+---------+-------+---------+---------+-------+---------
         Total |       0 |     205 |   0.0 |       0 |      68 |   0.0 |  2007
               +---------+---------+-------+---------+---------+-------+---------
           D:1 |       0 |      37 |   0.0 |       0 |      24 |   0.0 |   721
           D:2 |       0 |      21 |   0.0 |       0 |      12 |   0.0 |   603
           D:3 |       0 |     147 |   0.0 |       0 |      32 |   0.0 |   683
               +---------+---------+-------+---------+---------+-------+---------
